TOP OF THE 1ST |
University of Georgia Bulldogs batting - Pitching for California State University at Fullerton Titans : RHP Justin Swanson
|
Pitching: RHP Justin Swanson
|
|
Batting: SHB Mike Fermin
|
0-0: Fly out, F6 (Line Drive, 6, EV 64.4 MPH)
|
Batting: RHB Dou-wan Pan
|
0-0: Ball 1-0: Swinging Strike 1-1: Called Strike 1-2: Foul Ball, location: 2F 1-2: Ball 2-2: Reached on error, E6 (Groundball, 6, EV 83.1 MPH)
|
Batting: RHB Terry Oetker
|
0-0: Swinging Strike 0-1: Ball 1-1: Foul Ball, location: 2F 1-2: Ball 2-2: Ball 3-2: Base on Balls Dou-wan Pan to second
|
Batting: LHB Danny Salas
|
0-0: Swinging Strike 0-1: Ball 1-1: Swinging Strike 1-2: Ball 2-2: Ball 3-2: Foul Ball, location: 2F 3-2: Strikes out swinging
|
Batting: RHB John Carpenter
|
0-0: Called Strike 0-1: Ball 1-1: Ball 2-1: Foul Ball, location: 2F 2-2: Strikes out swinging
|
Top of the 1st over - 0 runs, 0 hits, 1 error, 2 left on base; University of Georgia 0 - California State University at Fullerton 0 |
BOTTOM OF THE 1ST |
California State University at Fullerton Titans batting - Pitching for University of Georgia Bulldogs : LHP Gordon Jing
|
Pitching: LHP Gordon Jing
|
|
Batting: SHB Macho Baez
|
0-0: Ball 1-0: Ball 2-0: Called Strike 2-1: SINGLE (Groundball, 56S, EV 73.8 MPH) (infield hit)
|
Batting: LHB Carlos Guadarrama
|
0-0: Fly out, F7 (Flyball, 7, EV 83.1 MPH)
|
Batting: RHB Ryan Watkins
|
0-0: Ball 1-0: Foul Ball, location: 2F 1-1: Ball 2-1: Called Strike 2-2: Ball 3-2: Ground out 5-3 (Groundball, 5L, EV 103.8 MPH) Macho Baez to second
|
Batting: LHB Freddy Monge
|
0-0: Ball 1-0: Called Strike 1-1: Ball 2-1: Ball 3-1: Foul Ball, location: 2F 3-2: Fly out, F8 (Flyball, 8LD, EV 92.5 MPH)
|
Bottom of the 1st over - 0 runs, 1 hit, 0 errors, 1 left on base; University of Georgia 0 - California State University at Fullerton 0 |
TOP OF THE 2ND |
University of Georgia Bulldogs batting - Pitching for California State University at Fullerton Titans : RHP Justin Swanson
|
Batting: LHB Chris Viehman
|
0-0: Ball 1-0: Ball 2-0: Ground out U3 (Groundball, 13, EV 80.6 MPH)
|
Batting: RHB Jaquan Brown
|
0-0: Fly out, F7 (Line Drive, 7, EV 100.6 MPH)
|
Batting: RHB Andy Villarreal
|
0-0: Ball 1-0: SINGLE (Groundball, 25, EV 70.6 MPH) (infield hit)
|
Batting: LHB Casey Bass
|
0-0: Foul Ball, location: 2F 0-1: Ball Andy Villarreal steals 2nd, throwing error, E2 Andy Villarreal to third 1-1: Ball 2-1: Called Strike 2-2: Ball 3-2: Ground out U3 (Groundball, 34, EV 88.1 MPH)
|
Top of the 2nd over - 0 runs, 1 hit, 1 error, 1 left on base; University of Georgia 0 - California State University at Fullerton 0 |
BOTTOM OF THE 2ND |
California State University at Fullerton Titans batting - Pitching for University of Georgia Bulldogs : LHP Gordon Jing
|
Batting: SHB Matt Lane
|
0-0: Called Strike 0-1: Ball 1-1: Swinging Strike 1-2: Strikes out looking
|
Batting: RHB Roman Lauder
|
0-0: Ground out 4-3 (Groundball, 4, EV 84.4 MPH)
|
Batting: RHB Panam Palmer
|
0-0: Called Strike 0-1: Ball 1-1: Ball 2-1: Ground out 6-3 (Groundball, 6, EV 103.1 MPH)
|
Bottom of the 2nd over - 0 runs, 0 hits, 0 errors, 0 left on base; University of Georgia 0 - California State University at Fullerton 0 |
TOP OF THE 3RD |
University of Georgia Bulldogs batting - Pitching for California State University at Fullerton Titans : RHP Justin Swanson
|
Batting: SHB Mike Fermin
|
0-0: Swinging Strike 0-1: Swinging Strike 0-2: Ball 1-2: Strikes out looking
|
Batting: RHB Dou-wan Pan
|
0-0: Called Strike 0-1: Ball 1-1: Ball 2-1: Ground out 5-3 (Groundball, 5S, EV 85.6 MPH)
|
Batting: RHB Terry Oetker
|
0-0: Ground out 6-3 (Groundball, 6S, EV 79.4 MPH)
|
Top of the 3rd over - 0 runs, 0 hits, 0 errors, 0 left on base; University of Georgia 0 - California State University at Fullerton 0 |
BOTTOM OF THE 3RD |
California State University at Fullerton Titans batting - Pitching for University of Georgia Bulldogs : LHP Gordon Jing
|
Batting: RHB Matt Wicker
|
0-0: Ball 1-0: Ball 2-0: Swinging Strike 2-1: Ball 3-1: Foul Ball, location: 2F 3-2: Strikes out swinging
|
Batting: LHB Francisco Mendoza
|
0-0: Ball 1-0: SINGLE (Groundball, 4MD, EV 98.1 MPH)
|
Batting: SHB Macho Baez
|
0-0: Swinging Strike 0-1: Ball 1-1: SINGLE (Groundball, 34S, EV 66.2 MPH) (infield hit) Francisco Mendoza to second
|
Batting: LHB Carlos Guadarrama
|
0-0: Ball 1-0: Ball 2-0: Fielders Choice at 2nd, 3-6 (Groundball, 34, EV 104.4 MPH) Francisco Mendoza to third
|
Batting: RHB Ryan Watkins
|
0-0: Ball 1-0: Ball 2-0: Ball 3-0: Called Strike 3-1: SINGLE (Groundball, 6MD, EV 98.1 MPH) Francisco Mendoza scores Carlos Guadarrama to second Runner from 2nd tries for 3rd, SAFE, throw by CF made at trailing runner, OUT! 8-4
|
Bottom of the 3rd over - 1 run, 3 hits, 0 errors, 1 left on base; University of Georgia 0 - California State University at Fullerton 1 |
TOP OF THE 4TH |
University of Georgia Bulldogs batting - Pitching for California State University at Fullerton Titans : RHP Justin Swanson
|
Batting: LHB Danny Salas
|
0-0: Ball 1-0: Ball 2-0: Fly out, F9 (Line Drive, 9D, EV 105.6 MPH)
|
Batting: RHB John Carpenter
|
0-0: Called Strike 0-1: Foul Ball, location: 2F 0-2: Strikes out looking
|
Batting: LHB Chris Viehman
|
0-0: Called Strike 0-1: Ball 1-1: Fly out, F8 (Flyball, 8RD, EV 99.4 MPH)
|
Top of the 4th over - 0 runs, 0 hits, 0 errors, 0 left on base; University of Georgia 0 - California State University at Fullerton 1 |
BOTTOM OF THE 4TH |
California State University at Fullerton Titans batting - Pitching for University of Georgia Bulldogs : LHP Gordon Jing
|
Batting: LHB Freddy Monge
|
0-0: Called Strike 0-1: Ground out 1-3 (Groundball, 15S, EV 56.9 MPH)
|
Batting: SHB Matt Lane
|
0-0: Foul Ball, location: 2F 0-1: Foul Ball, location: 2F 0-2: Ball 1-2: Ball 2-2: Strikes out swinging
|
Batting: RHB Roman Lauder
|
0-0: Ball 1-0: Ground out 5-3 (Groundball, 5S, EV 89.4 MPH)
|
Bottom of the 4th over - 0 runs, 0 hits, 0 errors, 0 left on base; University of Georgia 0 - California State University at Fullerton 1 |
TOP OF THE 5TH |
University of Georgia Bulldogs batting - Pitching for California State University at Fullerton Titans : RHP Justin Swanson
|
Batting: RHB Jaquan Brown
|
0-0: Ground out 4-3 (Groundball, 4, EV 99.4 MPH)
|
Batting: RHB Andy Villarreal
|
0-0: Ball 1-0: Ball 2-0: Bunt missed! 2-1: Foul Ball, location: 2F 2-2: Foul Ball, location: 2F 2-2: Ground out 5-3 (Groundball, 5, EV 100.6 MPH)
|
Batting: LHB Casey Bass
|
0-0: Called Strike 0-1: Ball 1-1: Swinging Strike 1-2: Foul Ball, location: 2F 1-2: Ball 2-2: Ball 3-2: SOLO HOME RUN (Flyball, 9D, EV 99.4 MPH), Distance : 376 ft
|
Batting: SHB Mike Fermin
|
0-0: Ground out U3 (Groundball, 34, EV 91.2 MPH)
|
Top of the 5th over - 1 run, 1 hit, 0 errors, 0 left on base; University of Georgia 1 - California State University at Fullerton 1 |
BOTTOM OF THE 5TH |
California State University at Fullerton Titans batting - Pitching for University of Georgia Bulldogs : LHP Gordon Jing
|
Batting: RHB Panam Palmer
|
0-0: Ball 1-0: Ball 2-0: SINGLE (Groundball, 5S, EV 72.5 MPH) (infield hit)
|
Batting: RHB Matt Wicker
|
0-0: Foul Ball, location: 2F 0-1: Ball 1-1: Called Strike 1-2: Strikes out swinging
|
Batting: LHB Francisco Mendoza
|
0-0: Bunt missed! 0-1: Sac Bunt to 5S - play at first, batter OUT! 5-3 Panam Palmer to second
|
Batting: SHB Macho Baez
|
0-0: Called Strike 0-1: Ball 1-1: Swinging Strike 1-2: Ball 2-2: Ground out 5-3 (Groundball, 5, EV 106.9 MPH)
|
Bottom of the 5th over - 0 runs, 1 hit, 0 errors, 1 left on base; University of Georgia 1 - California State University at Fullerton 1 |
TOP OF THE 6TH |
University of Georgia Bulldogs batting - Pitching for California State University at Fullerton Titans : RHP Justin Swanson
|
Batting: RHB Dou-wan Pan
|
0-0: Ball 1-0: Foul Ball, location: 2F 1-1: Swinging Strike 1-2: Ball 2-2: Ball 3-2: Base on Balls
|
Pitching: LHP Bobby Manning
|
|
Batting: RHB Terry Oetker
|
0-0: Called Strike 0-1: Ball 1-1: Swinging Strike 1-2: Ball 2-2: Foul Ball, location: 2F 2-2: Foul Ball, location: 2F 2-2: Ball 3-2: Base on Balls Dou-wan Pan to second
|
Batting: LHB Danny Salas
|
0-0: Called Strike 0-1: Foul Ball, location: 2F 0-2: Ball 1-2: Strikes out looking
|
Batting: RHB John Carpenter
|
0-0: Ball 1-0: Ball 2-0: SINGLE (Flyball, 5D, EV 86.2 MPH) Dou-wan Pan to third Terry Oetker to second
|
Pinch Hitting: RHB Jose Lebron
|
0-0: Called Strike 0-1: Ball 1-1: Swinging Strike 1-2: Strikes out swinging
|
Pinch Hitting: LHB Dennis Klein
|
0-0: Fly out, F8 (Flyball, 8LD, EV 79.4 MPH)
|
Top of the 6th over - 0 runs, 1 hit, 0 errors, 3 left on base; University of Georgia 1 - California State University at Fullerton 1 |
BOTTOM OF THE 6TH |
California State University at Fullerton Titans batting - Pitching for University of Georgia Bulldogs : LHP Gordon Jing
|
Pitching: LHP Dan Hardy
|
|
Now at 2B: Jose Lebron
|
|
Now in RF: Dennis Klein
|
|
Batting: LHB Carlos Guadarrama
|
0-0: Ball 1-0: Called Strike 1-1: Ground out 4-3 (Groundball, 4, EV 86.2 MPH)
|
Batting: RHB Ryan Watkins
|
0-0: Reached on error, E4 (Groundball, 4, EV 101.9 MPH)
|
Batting: LHB Freddy Monge
|
0-0: Called Strike 0-1: Ball 1-1: Ball 2-1: Called Strike 2-2: Ball 3-2: Fielders Choice at 2nd, 6-4 (Groundball, 6D, EV 108.1 MPH)
|
Batting: SHB Matt Lane
|
0-0: Called Strike 0-1: Called Strike 0-2: Strikes out swinging
|
Bottom of the 6th over - 0 runs, 0 hits, 1 error, 1 left on base; University of Georgia 1 - California State University at Fullerton 1 |
TOP OF THE 7TH |
University of Georgia Bulldogs batting - Pitching for California State University at Fullerton Titans : LHP Bobby Manning
|
Batting: RHB Andy Villarreal
|
0-0: Ball 1-0: Ground out 5-3 (Groundball, 5, EV 89.4 MPH)
|
Pinch Hitting: LHB Mike Holland
|
0-0: SOLO HOME RUN (Flyball, 9D, EV 103.8 MPH), Distance : 382 ft
|
Batting: SHB Mike Fermin
|
0-0: Called Strike 0-1: SINGLE (Groundball, 4MS, EV 78.8 MPH) (infield hit)
|
Batting: RHB Dou-wan Pan
|
0-0: Foul Ball, location: 2F 0-1: Swinging Strike 0-2: SINGLE (Groundball, 6D, EV 95.0 MPH) Mike Fermin to second
|
Batting: RHB Terry Oetker
|
0-0: Ball 1-0: Called Strike 1-1: Swinging Strike 1-2: SINGLE (Groundball, 15S, EV 70.6 MPH) (infield hit) Mike Fermin to third Dou-wan Pan to second
|
Batting: LHB Danny Salas
|
0-0: Ball 1-0: Called Strike 1-1: Swinging Strike 1-2: Ball 2-2: Ball 3-2: Foul Ball, location: 2F 3-2: Foul Ball, location: 2F 3-2: SINGLE (Groundball, 34D, EV 96.2 MPH) Mike Fermin scores Dou-wan Pan to third Terry Oetker to second Runner from 3rd tries for Home, SAFE, throw by RF to home
|
Batting: RHB John Carpenter
|
0-0: Ball 1-0: Ball Passed Ball! Terry Oetker to third Danny Salas to second 2-0: Foul Ball, location: 2F 2-1: Foul Ball, location: 2F 2-2: Ball 3-2: Foul Ball, location: 2F 3-2: Foul Ball, location: 2F 3-2: Foul Ball, location: 2F 3-2: Foul Ball, location: 2F 3-2: DOUBLE (Flyball, 8RXD, EV 93.1 MPH) Terry Oetker scores Danny Salas scores
|
Batting: RHB Jose Lebron
|
0-0: Called Strike 0-1: Ball 1-1: Foul Ball, location: 2F 1-2: Ball 2-2: Foul Ball, location: 2F 2-2: Strikes out swinging
|
Batting: LHB Dennis Klein
|
0-0: Ball 1-0: Foul Ball, location: 2F 1-1: Called Strike 1-2: Foul Ball, location: 2F 1-2: SINGLE (Groundball, 34D, EV 104.4 MPH) John Carpenter to third Throwing error, E9 John Carpenter scores Dennis Klein to second
|
Pitching: RHP Sandro Fibonacci
|
|
Batting: RHB Andy Villarreal
|
0-0: Ball 1-0: Called Strike 1-1: Ball 2-1: Ball 3-1: Ground out 5-3 (Groundball, 56, EV 86.9 MPH)
|
Top of the 7th over - 6 runs, 7 hits, 1 error, 1 left on base; University of Georgia 7 - California State University at Fullerton 1 |
BOTTOM OF THE 7TH |
California State University at Fullerton Titans batting - Pitching for University of Georgia Bulldogs : LHP Dan Hardy
|
Now at 1B: Mike Holland
|
|
Batting: RHB Roman Lauder
|
0-0: Called Strike 0-1: Ball 1-1: Ball 2-1: Called Strike 2-2: Strikes out swinging
|
Batting: RHB Panam Palmer
|
0-0: Ball 1-0: Ball 2-0: Foul Ball, location: 2F 2-1: Ball 3-1: Base on Balls
|
Batting: RHB Matt Wicker
|
0-0: Bunt missed! 0-1: Ball 1-1: Bunted foul 1-2: Bunt missed, Strikeout!
|
Batting: LHB Francisco Mendoza
|
0-0: Ball 1-0: Called Strike 1-1: Ball 2-1: Swinging Strike 2-2: Fly out, F9 (Flyball, 9, EV 82.5 MPH)
|
Bottom of the 7th over - 0 runs, 0 hits, 0 errors, 1 left on base; University of Georgia 7 - California State University at Fullerton 1 |
TOP OF THE 8TH |
University of Georgia Bulldogs batting - Pitching for California State University at Fullerton Titans : RHP Sandro Fibonacci
|
Batting: LHB Mike Holland
|
0-0: Foul Ball, location: 2F 0-1: Ball 1-1: Ground out 5-3 (Groundball, 56, EV 92.5 MPH)
|
Batting: SHB Mike Fermin
|
0-0: Called Strike 0-1: Ball 1-1: Called Strike 1-2: Ball 2-2: Foul Ball, location: 2F 2-2: Foul Ball, location: 2F 2-2: Fly out, F7 (Flyball, 78M, EV 93.1 MPH)
|
Batting: RHB Dou-wan Pan
|
0-0: Ball 1-0: Ball 2-0: Foul Ball, location: 2F 2-1: Foul Ball, location: 2F 2-2: Strikes out looking
|
Top of the 8th over - 0 runs, 0 hits, 0 errors, 0 left on base; University of Georgia 7 - California State University at Fullerton 1 |
BOTTOM OF THE 8TH |
California State University at Fullerton Titans batting - Pitching for University of Georgia Bulldogs : LHP Dan Hardy
|
Batting: SHB Macho Baez
|
0-0: Ground out 5-3 (Groundball, 56, EV 100.6 MPH)
|
Batting: LHB Carlos Guadarrama
|
0-0: Foul Ball, location: 2F 0-1: Ball 1-1: Foul Ball, location: 2F 1-2: Ground out 6-3 (Groundball, 56, EV 83.8 MPH)
|
Batting: RHB Ryan Watkins
|
0-0: Ball 1-0: Ball 2-0: Ball 3-0: Swinging Strike 3-1: SINGLE (Groundball, 15S, EV 69.4 MPH) (infield hit)
|
Batting: LHB Freddy Monge
|
0-0: Called Strike 0-1: Ball 1-1: Swinging Strike 1-2: Strikes out swinging
|
Bottom of the 8th over - 0 runs, 1 hit, 0 errors, 1 left on base; University of Georgia 7 - California State University at Fullerton 1 |
TOP OF THE 9TH |
University of Georgia Bulldogs batting - Pitching for California State University at Fullerton Titans : RHP Sandro Fibonacci
|
Batting: RHB Terry Oetker
|
0-0: Ball 1-0: Ground out 4-3 (Groundball, 13, EV 89.4 MPH)
|
Batting: LHB Danny Salas
|
0-0: Called Strike 0-1: Ball 1-1: Foul Ball, location: 2F 1-2: Ball 2-2: Ball 3-2: Foul Ball, location: 2F 3-2: DOUBLE (Flyball, 8RXD, EV 98.8 MPH)
|
Batting: RHB John Carpenter
|
0-0: SINGLE (Groundball, 6MD, EV 98.1 MPH) Danny Salas to third Throwing error, E8 Danny Salas scores John Carpenter to second
|
Batting: RHB Jose Lebron
|
0-0: Ball 1-0: Reached via error on a dropped throw from SS, E3 (Groundball, 6, EV 79.4 MPH) John Carpenter to third
|
Batting: LHB Dennis Klein
|
0-0: Ball 1-0: Ball 2-0: Foul Ball, location: 2F 2-1: Ball 3-1: Called Strike 3-2: Strikes out swinging
|
Batting: RHB Andy Villarreal
|
0-0: Fly out, F5 (Popup, 56S, EV 88.8 MPH)
|
Top of the 9th over - 1 run, 2 hits, 2 errors, 2 left on base; University of Georgia 8 - California State University at Fullerton 1 |
BOTTOM OF THE 9TH |
California State University at Fullerton Titans batting - Pitching for University of Georgia Bulldogs : LHP Dan Hardy
|
Batting: SHB Matt Lane
|
0-0: SINGLE (Line Drive, 9S, EV 98.8 MPH)
|
Batting: RHB Roman Lauder
|
0-0: Grounds into double play, 3-6-3 (Groundball, 34, EV 99.4 MPH)
|
Batting: RHB Panam Palmer
|
0-0: Ball 1-0: Called Strike 1-1: Foul Ball, location: 2F 1-2: Foul Ball, location: 2F 1-2: Strikes out swinging
|
Bottom of the 9th over - 0 runs, 1 hit, 0 errors, 0 left on base; University of Georgia 8 - California State University at Fullerton 1 |
|